 Dungeon Crawl Stone Soup version 0.26-a0-611-g354ed81502 (webtiles) character file.

Game seed: 15022569430531688996

25731 Peloso the Blocker (level 12, -4/108 (110) HPs)
             Began as a Minotaur Fighter on Sept 5, 2020.
             Was a High Priest of Okawaru.
             Slain by an ettin
             ... wielding a +0 dire flail
              (24 damage)
             ... on level 10 of the Dungeon.
             The game lasted 00:43:06 (15763 turns).

Peloso the Blocker (Minotaur Fighter)              Turns: 15763, Time: 00:43:07

HP:   -4/108 (110)  AC: 23    Str: 30    XL:     12   Next: 92%
MP:   11/12         EV: 12    Int:  5    God:    Okawaru [*****.]
Gold: 230           SH: 22    Dex: 12    Spells: 11/11 levels left

rFire    . . .     SeeInvis .   a - +0 long sword
rCold    . . .     Faith    .   c - +1 kite shield
rNeg     . . .     Spirit   .   U - +1 plate armour "Alongoyc" {rElec rPois}
rPois    +         Reflect  +   (helmet restricted)
rElec    +         Harm     .   L - +1 cloak {Stlth+}
rCorr    .                      (no gloves)
MR       .....                  P - +0 pair of boots {run}
Stlth    ..........             M - amulet of reflection
HPRegen  0.28/turn              I - ring of attention (curse)
MPRegen  0.13/turn              z - +6 ring of strength

@: heroism, quick
A: retaliatory headbutt, horns 2
a: Heroism, Finesse, Renounce Religion


You were on level 10 of the Dungeon.
You worshipped Okawaru.
Okawaru was extremely pleased with you.
You visited 3 branches of the dungeon, and saw 15 of its levels.

You collected 923 gold pieces.
You spent 693 gold pieces at shops.

Inventory:

Hand Weapons
 a - a +0 long sword (weapon)
 q - a +0 hand crossbow
Missiles
 r - 146 bolts (quivered)
Armour
 c - a +1 kite shield (worn)
 L - a +1 cloak of stealth (worn)
 O - a +2 chain mail of fire resistance
 P - a +0 pair of boots of running (worn)
 U - the +1 plate armour "Alongoyc" (worn) {rElec rPois}
   (You bought it in a shop on level 12 of the Dungeon)

   It insulates you from electricity.
   It protects you from poison.
Jewellery
 x - an uncursed ring of protection from magic
 y - an uncursed amulet of regeneration
 z - a +6 ring of strength (right hand)
 F - an uncursed ring of see invisible
 I - a cursed ring of attention (left hand)
 J - an uncursed ring of ice
 M - an amulet of reflection (around neck)
Wands
 b - a wand of digging (4)
 j - a wand of disintegration (15)
Scrolls
 e - 3 scrolls of amnesia
 g - 2 scrolls of fog
 h - 5 scrolls of teleportation
 i - 2 scrolls of fear
 k - a scroll of identify
 m - 3 scrolls of blinking
 o - a scroll of immolation
 t - 2 scrolls of magic mapping {unknown}
 u - 4 scrolls of noise
 v - 2 scrolls of remove curse
 C - 2 scrolls of random uselessness {unknown}
 R - a scroll of torment {unknown}
 V - 2 scrolls of summoning {unknown}
 X - a scroll of silence {unknown}
Potions
 d - 2 potions of might
 f - 6 potions of curing
 n - 5 potions of flight
 p - a potion of heal wounds {unknown}
 w - 2 potions of haste
 A - 3 potions of stabbing
 D - 2 potions of resistance
 K - a potion of magic {unknown}
 Q - a potion of degeneration {unknown}
 T - 3 potions of brilliance {unknown}
 W - a potion of berserk rage


   Skills:
 + Level 11.0(16.0) Fighting
 + Level 13.9(18.9) Long Blades
 + Level 1.0(6.0) Crossbows
 + Level 11.5(16.5) Armour
 + Level 3.2(8.2) Dodging
 + Level 1.7(6.7) Stealth
 + Level 14.5(19.5) Shields
 + Level 2.4 Invocations
 + Level 2.5 Evocations


You had 11 spell levels left.
You didn't know any spells.
Your spell library contained the following spells:

 Spells                   Type           Power        Failure   Level
 Animate Skeleton         Necr           #.....       95%         1
 Apportation              Tloc           #.....       95%         1
 Corona                   Hex            #......      95%         1
 Freeze                   Ice            #...         95%         1
 Summon Small Mammal      Summ           #...         95%         1
 Confusing Touch          Hex            #.......     100%        3
 Frozen Ramparts          Ice            #.....       100%        3
 Gell's Gravitas          Tloc           #.........   100%        3
 Ozocubu's Armour         Ice            #.......     100%        3
 Hailstorm                Conj/Ice       #.......     100%        4
 Petrify                  Tmut/Erth      #.......     100%        4
 Summon Ice Beast         Ice/Summ       #.......     100%        4
 Metabolic Englaciation   Hex/Ice        #.........   100%        5
 Yara's Violent Unravell  Hex/Tmut       #.........   100%        5


Dungeon Overview and Level Annotations

Branches:
Dungeon (12/15)            Temple (0/1) D:5            Lair (2/6) D:11
    Orc (1/2) D:10
  Swamp: Lair:2-4    Shoals: Lair:2-4     Snake: Lair:2-4    Spider: Lair:2-4

Altars:
Ashenzari
Hepliaklqana
Kikubaaqudgha
Makhleb
Okawaru
Qazlal
Ru
Sif Muna
Uskayaw
Wu Jian
Xom

Shops:
D:9 }   D:12 [

Annotations:
Lair:2 exclusion: oklob plant
Orc:1 Fannar


Innate Abilities, Weirdness & Mutations

You reflexively headbutt those who attack you in melee.
You have a pair of horns on your head.


Message History

The ettin is severely wounded.
The ettin hits you but does no damage. The ettin barely misses you.
You hit the ettin but do no damage.
The ettin is severely wounded.
You hit the ettin.
The ettin is severely wounded.
You block the ettin's attack.
The ettin hits you with a +0 dire flail!!
You slash the ettin! Your headbutt misses the ettin.
The ettin is almost dead.
You block the ettin's attack.
The ettin hits you with a +0 dire flail!!!
* * * LOW HITPOINT WARNING * * *
You hit the ettin but do no damage.
You headbutt the ettin, but do no damage.
The ettin is almost dead.
You barely miss the ettin.
The ettin is almost dead.
The ettin hits you with a +0 dire flail!!
You die...

#.#..# #..# #.†# #...# #.####
#### ######.# #...# #.# ########
###.#.#)####...# #.###......#
#....###).##...#
#.#..###...####.#.##)#.##...#
#..#.#.#......###..#...##...#
####.#.#.#..#.##...()####...#
##.#.##....###..((..##...#
#.##.#..#C@..#..#..###...#
#.###.#..#......#)...#...##
####.##..##..#.#..)#.##.....
#....#..#...#.#.##(####.....
###.....#.#.#...###..##.....
#######.#.##...#..##.......#....[
.....####..##.##.##..###.###.....
.....##...#..#.....#.#....##.....
########....####..###.##.#.......


You could see an ettin.

Vanquished Creatures
  A minotaur (Lair:1)
  Erolcha (D:12)
  2 two-headed ogres
  8 death yaks
  Sonja (Lair:1)
  Pikel (D:8)
  A deep elf mage (D:10)
  A manticore (D:11)
  Maurice (D:8)
  A cyclops (D:11)
  A black mamba (Lair:1)
  A torpor snail (Lair:1)
  A rime drake (Lair:2)
  A cane toad (Lair:1)
  A komodo dragon (Lair:1)
  A troll (D:11)
  A hornet (Lair:2)
  4 dream sheep (Lair:2)
  A hippogriff (Lair:1)
  38 yaks
  A wyvern (D:11)
  A basilisk (Lair:1)
  An acid dragon (D:10)
  6 water moccasins
  A porcupine (Lair:2)
  7 orc warriors
  3 black bears
  A necrophage (D:7)
  A phantom (D:5)
  A hornet zombie (D:12)
  3 ogres
  3 sky beasts
  7 centaurs
  2 crocodiles (Lair:1)
  2 big kobolds
  5 bullfrogs
  A gnoll sergeant (D:9)
  9 wights
  9 killer bees
  2 electric eels (Lair:1)
  8 howler monkeys
  A bullfrog zombie (D:10)
  6 hounds
  3 jellies
  2 centaur skeletons
  10 orc priests
  3 bullfrog skeletons
  4 iguanas
  14 orc wizards
  5 worker ants
  2 hound zombies
  2 worker ant zombies
  A howler monkey skeleton (D:10)
  20 adders
  19 gnolls
  3 shadow imps
  7 white imps
  2 ufetubi (D:6)
  2 oozes
  2 adder skeletons
  6 worms
  4 dart slugs
  4 leopard geckos
  55 orcs
  7 giant cockroaches
  16 goblins
  7 hobgoblins
  4 jackals (D:7)
  3 quokkas
  8 bats
  A frilled lizard (D:1)
  21 kobolds
  A quokka skeleton (D:5)
  7 rats
  A bush (Lair:1)
395 creatures vanquished.

Vanquished Creatures (others)
  An orc (D:10)
  4 fungi
  2 plants (Lair:1)
7 creatures vanquished.

Grand Total: 402 creatures vanquished

Notes
Turn   | Place    | Note
-------+----------+-------------------------------------------
     0 | D:1      | Peloso the Minotaur Fighter began the quest for the Orb.
     0 | D:1      | Reached XP level 1. HP: 19/19 MP: 0/0
   162 | D:1      | Reached XP level 2. HP: 27/27 MP: 1/1
   180 | D:1      | Reached skill level 4 in Shields
   912 | D:2      | Reached XP level 3. HP: 33/33 MP: 2/2
   967 | D:2      | Found a hide-covered altar of Uskayaw.
   971 | D:2      | Noticed a +0 dagger
   971 | D:2      | Noticed a +0 dagger
  1083 | D:2      | Found a shattered altar of Ashenzari.
  1126 | D:2      | Reached XP level 4. HP: 40/40 MP: 3/3
  1242 | D:2      | Found an iron altar of Okawaru.
  1351 | D:2      | Became a worshipper of Warmaster Okawaru
  1688 | D:3      | Reached skill level 5 in Shields
  1688 | D:3      | Reached XP level 5. HP: 15/47 MP: 4/4
  1908 | D:3      | Found a hazy altar of Hepliaklqana.
  1911 | D:3      | Found a faded altar of an unknown god.
  2843 | D:4      | Noticed an ogre
  2848 | D:4      | Killed an ogre
  2848 | D:4      | Reached XP level 6. HP: 55/55 MP: 5/5
  2862 | D:4      | Reached * piety under Okawaru
  3027 | D:4      | Reached skill level 5 in Fighting
  3027 | D:4      | Reached skill level 1 in Dodging
  3119 | D:4      | Reached skill level 5 in Long Blades
  3119 | D:4      | Reached skill level 5 in Armour
  3341 | D:4      | Reached XP level 7. HP: 18/61 MP: 6/6
  3894 | D:4      | Reached skill level 6 in Shields
  4527 | D:5      | Entered Level 5 of the Dungeon
  4628 | D:5      | Found a shimmering altar of Xom.
  4637 | D:5      | Reached ** piety under Okawaru
  4637 | D:5      | Reached skill level 1 in Crossbows
  4651 | D:5      | Reached XP level 8. HP: 66/70 MP: 7/7
  5122 | D:5      | Reached skill level 1 in Invocations
  5196 | D:5      | Found a burning altar of Makhleb.
  5216 | D:5      | Reached skill level 7 in Shields
  5568 | D:5      | Found a staircase to the Ecumenical Temple.
  5905 | D:6      | Got an ancient dagger
  5906 | D:6      | Identified the +6 dagger "Kutura" {freeze, rF+} (You found
                  | it on level 6 of the Dungeon)
  6061 | D:6      | Reached skill level 1 in Stealth
  6681 | D:7      | Reached XP level 9. HP: 78/78 MP: 8/8
  6787 | D:7      | Reached skill level 8 in Shields
  7072 | D:7      | Found a stormy altar of Qazlal.
  7335 | D:7      | Got a twisted spear
  7338 | D:7      | Lost intelligence.
  7338 | D:7      | Identified the +8 spear of Eternal War {vorpal, rF+++ Int-5
                  | Dex+4} (You found it on level 7 of the Dungeon)
  7487 | D:8      | Found an ornate altar of the Wu Jian Council.
  7559 | D:8      | Reached *** piety under Okawaru
  7565 | D:8      | Noticed Maurice
  7714 | D:8      | Killed Maurice
  7715 | D:8      | Noticed Pikel
  7738 | D:8      | Killed Pikel
  7738 | D:8      | Received a gift from Okawaru
  7738 | D:8      | Reached skill level 9 in Shields
  7822 | D:8      | Reached skill level 1 in Evocations
  7966 | D:8      | Found a shimmering blue altar of Sif Muna.
  8003 | D:8      | Found a sacrificial altar of Ru.
  8264 | D:9      | Found Ecalijip's Gadget Boutique.
  8294 | D:9      | Reached XP level 10. HP: 72/86 MP: 6/9
  8321 | D:9      | Reached skill level 10 in Long Blades
  8334 | D:9      | Reached **** piety under Okawaru
  8903 | D:10     | Entered Level 10 of the Dungeon
  8948 | D:10     | Noticed a deep elf mage
  8956 | D:10     | Killed a deep elf mage
  9052 | D:10     | Identified a +0 pair of boots of running (You found it on
                  | level 10 of the Dungeon)
  9227 | D:10     | Reached skill level 10 in Shields
  9231 | D:10     | Reached ***** piety under Okawaru
  9355 | D:10     | Found a staircase to the Orcish Mines.
  9878 | D:10     | Reached skill level 11 in Shields
 10372 | D:10     | Noticed a two-headed ogre
 10384 | D:10     | Killed a two-headed ogre
 10384 | D:10     | Reached XP level 11. HP: 95/95 MP: 8/11
 10437 | D:11     | Noticed a death yak
 10456 | D:11     | Killed a death yak
 10471 | D:11     | Found a staircase to the Lair.
 10471 | D:11     | Noticed a death yak
 10471 | D:11     | Noticed a death yak
 10472 | D:11     | Noticed a death yak
 10473 | D:11     | Noticed a death yak
 10474 | D:11     | Noticed a death yak
 10513 | D:10     | Killed a death yak
 10521 | D:11     | Noticed a death yak
 10522 | D:11     | Noticed a death yak
 10559 | D:10     | Killed a death yak
 10574 | D:10     | Killed a death yak
 10574 | D:10     | Reached skill level 12 in Shields
 10801 | D:10     | Killed a death yak
 10801 | D:10     | Received a gift from Okawaru
 10804 | D:10     | Got a pair of faintly humming gloves {god gift}
 10812 | D:10     | Identified the -7 pair of gloves of Pedoan {rF+} (Okawaru
                  | gifted it to you on level 10 of the Dungeon)
 11074 | D:10     | Killed a death yak
 11083 | D:10     | Killed a death yak
 11203 | D:11     | Killed a death yak
 11203 | D:11     | Reached skill level 10 in Fighting
 11462 | D:11     | Reached skill level 10 in Armour
 11852 | D:11     | Noticed a two-headed ogre
 11861 | D:11     | Killed a two-headed ogre
 11861 | D:11     | Reached XP level 12. HP: 85/104 MP: 9/12
 12286 | D:12     | Found Uroacz Ravyi's Armour Boutique.
 12369 | D:12     | Bought the +1 plate armour "Alongoyc" {rElec rPois} for 693
                  | gold pieces
 12661 | D:12     | Reached skill level 13 in Shields
 12807 | D:12     | Noticed Erolcha
 12816 | D:12     | Killed Erolcha
 13179 | Lair:1   | Entered Level 1 of the Lair of Beasts
 13295 | Lair:1   | Received a gift from Okawaru
 13337 | Lair:1   | Got a transparent trident {god gift}
 13342 | Lair:1   | Got a glimmering chain mail
 13353 | Lair:1   | Identified the +1 chain mail of Broken Taboos {rF- rC+
                  | Str+5 Dex-4} (You found it on level 1 of the Lair of
                  | Beasts)
 13400 | Lair:1   | Noticed Sonja
 13403 | Lair:1   | Killed Sonja
 13585 | Lair:1   | Noticed a six-headed hydra
 13813 | Lair:1   | Noticed a minotaur
 13813 | Lair:1   | a six-headed hydra changed into a minotaur
 13822 | Lair:1   | Killed a minotaur
 14639 | Lair:2   | Reached skill level 14 in Shields
 15408 | Lair:2   | Found an ancient bone altar of Kikubaaqudgha.
 15539 | Lair:2   | Noticed an eight-headed hydra
 15745 | Orc:1    | Entered Level 1 of the Orcish Mines
 15745 | Orc:1    | Noticed an ettin
 15747 | Orc:1    | Noticed Fannar
 15763 | D:10     | Slain by an ettin

Illustrated notes

Levels and vault maps discovered:
D:1:      heliophobic_arrival_ceremonial_halls, layout_basic
D:2:      layout_rooms, dancing_weapons_uskayaw, lemuel_coloured_pillars_altar,
          nicolae_ashenzari_panopticon
D:3:      layout_basic, lemuel_crystal_altar, chequers_ecumenical_altar_island,
          st_stairs_13, minivault_19
D:4:      layout_basic
D:5:      layout_loops_ring, minmay_temple_entry_fiery, minmay_misc_feat_doors,
          hangedman_feature_mirror, minmay_fractal_squares_diagonal_5
D:6:      layout_basic
D:7:      minmay_inner_zag, layout_loops_corners,
          nicolae_qazlal_eye_of_the_storm
D:8:      layout_basic, nicolae_ru_the_path_less_chosen, led_sif_pool,
          kennysheep_mini_moat, dk_vineyard_3, uniq_pikel, uniq_maurice
D:9:      layout_rooms, serial_curves, eino_curves_02, eino_curves_03,
          serial_shops, nicolae_shop_statue_plus
D:10:     layout_long_grid, erik_orc_3
D:11:     layout_basic, dpeg_lair_monsters, lightli_minifort
D:12:     layout_irregular_city, serial_shops, shop, uniq_erolcha
Lair:1:   layout_cave_pods, disabler_island, uniq_sonja
Lair:2:   layout_long_grid, lemuel_oklob_altar, lemuel_fruit_tree,
          infiniplex_staircase_pool, grunt_megastairs_5, uniq_gastronok
Orc:1:    layout_caves, serial_shops, shop, minmay_orc_keep, uniq_fannar

Skill      XL: |  1  2  3  4  5  6  7  8  9 10 11 12 |
---------------+-------------------------------------+-----
Shields        | 4 5 6 7 9 11 12 14 | 14.5
Fighting       | 4 5 6 8 9 10 11 | 11.0
Armour         | 4 5 6 8 9 10 11 | 11.5
Long Blades    | 3 4 5 6 8 9 11 12 13 | 13.9
Dodging        | 1 2 3 |  3.2
Crossbows      | 1 |  1.0
Invocations    | 1 2 |  2.4
Stealth        | 1 |  1.7
Evocations     | 1 2 |  2.5

Action                   |  1- 3 |  4- 6 |  7- 9 | 10-12 || total
-------------------------+-------+-------+-------+-------++-------
Melee: Long sword        |    79 |   166 |   378 |   844 ||  1467
       Headbutt          |    13 |    28 |    94 |   239 ||   374
 Fire: Hand crossbow     |       |       |     1 |       ||     1
Invok: Heroism           |       |       |     3 |    12 ||    15
Evoke: Wand              |       |       |     6 |    29 ||    35
  Use: Potion            |     1 |       |       |       ||     1
       Scroll            |       |       |    13 |     6 ||    19
Armor: Scale mail        |    33 |       |       |       ||    33
       Chain mail        |     5 |    75 |   130 |    92 ||   302
       Plate armour      |       |       |       |    88 ||    88
Dodge: Dodged            |    20 |    37 |    96 |   150 ||   303
Block: Kite shield       |    55 |    99 |   207 |   650 ||  1011
       Reflection        |       |       |       |    24 ||    24
       Rpst.: Long sword |     4 |     8 |    25 |    40 ||    77

Table legend: (Time is in decaauts)
 A = Elapsed time spent in this place.
 B = Non-inter-level travel time spent in this place.
 C = Inter-level travel time spent in this place.
 D = Time resting spent in this place.
 E = Time spent auto-exploring this place.
 F = Levels seen in this place.
 G = Mean time per level.
                   A        B        C        D        E       F      G
               +--------+--------+--------+--------+--------+-----+--------+
         Total |  15320 |  14743 |    577 |   1437 |   9276 |  15 | 1021.3 |
       Dungeon |  13029 |  12606 |    423 |   1288 |   8124 |  12 | 1085.8 |
          Lair |   2285 |   2132 |    153 |    149 |   1151 |   2 | 1142.5 |
  Orcish Mines |      4 |      4 |      0 |      0 |      0 |   1 |    4.0 |
               +--------+--------+--------+--------+--------+-----+--------+

Top non-repeatable levels by time:
    D:10: 2133 daAuts
  Lair:1: 1746 daAuts
     D:4: 1724 daAuts
     D:3: 1528 daAuts
     D:7: 1136 daAuts
    D:11: 1122 daAuts
     D:5: 1039 daAuts
     D:1: 925 daAuts
     D:8: 816 daAuts
    D:12: 784 daAuts
     D:9: 652 daAuts
     D:2: 616 daAuts
     D:6: 550 daAuts
  Lair:2: 538 daAuts
   Orc:1: 4 daAuts
